 Dungeon Crawl Stone Soup version 0.28.0-53-g5a82cb258f (webtiles) character file.

Game seed: 12178402764804164244

331 protoss039 the Digger (level 6, 39/47 HPs)
             Began as a Demonspawn Earth Elementalist on June 2, 2022.
             Was a Follower of Vehumet.
             Got out of the dungeon alive.
             The game lasted 00:07:50 (5126 turns).

protoss039 the Digger (DsEE)                        Turns: 5126, Time: 00:07:51

Health: 39/47      AC:  7    Str:  8    XL:     6   Next: 26%
Magic:  10/10      EV: 12    Int: 18    God:    Vehumet [*.....]
Gold:   62         SH:  0    Dex: 14    Spells: 5/11 levels left

rFire   . . .      SeeInvis .   f - +2 dagger (protect)
rCold   . . .      Faith    .   (no shield)
rNeg    + . .      Spirit   .   b - +0 robe
rPois   .          Reflect  .   (helmet restricted)
rElec   .          Harm     .   k - +0 cloak
rCorr   .          Rampage  .   q - +0 pair of gloves
Will    .....                   (no boots)
Stlth   ++........              (no amulet)
HPRegen 0.15/turn               e - ring of positive energy
MPRegen 0.24/turn               (no ring)

@: no status effects
A: antennae 1, thin metallic scales 2, magic regeneration
a: Renounce Religion


You escaped.
You worshipped Vehumet.
Vehumet was aware of your devotion.
You visited 1 branch of the dungeon, and saw 5 of its levels.

You collected 172 gold pieces.
You spent 110 gold pieces at shops.

Inventory:

Hand Weapons
 f - a +2 dagger of protection (weapon)
 i - a +3 hand axe
Missiles
 c - 42 stones
Armour
 b - a +0 robe (worn)
 k - a +0 cloak (worn)
 q - a +0 pair of gloves (worn)
Jewellery
 e - a ring of positive energy (left hand)
Wands
 m - a wand of acid (8)
Scrolls
 a - 2 scrolls of immolation {unknown}
 d - a scroll of identify
 l - 2 scrolls of teleportation
 o - a scroll of magic mapping
 p - a scroll of amnesia
Potions
 g - a potion of attraction {unknown}
 h - 3 potions of heal wounds
 j - 4 potions of curing {unknown}
 n - a potion of magic {unknown}
 r - a potion of mutation {unknown}


   Skills:
 * Level 3.5 Fighting
 + Level 2.0 Armour
 - Level 1.7 Dodging
 - Level 1.7 Stealth
 + Level 3.0 Spellcasting
 + Level 2.2 Conjurations
 - Level 1.0 Transmutations
 + Level 3.6 Earth Magic


You had 5 spell levels left.
You knew the following spells:

 Your Spells              Type           Power      Damage    Failure   Level
a - Sandblast             Erth           30%        2d9       3%          1
b - Passwall              Tmut/Erth      8%         N/A       10%         2
c - Stone Arrow           Conj/Erth      26%        3d8       16%         3

Your spell library contained the following spells:

 Spells                   Type           Power      Damage    Failure   Level
 Magic Dart               Conj           40%        1d5       7%          1
 Beastly Appendage        Tmut           12%        N/A       11%         1
 Wereblood                Tmut           6%         N/A       16%         2
 Dazzling Flash           Conj/Hex       12%        N/A       30%         3
 Spider Form              Tmut/Pois      4%         N/A       36%         3
 Frozen Ramparts          Ice            4%         1d2       43%         3
 Petrify                  Tmut/Erth      10%        N/A       54%         4
 Iskenderun's Mystic Bla  Conj/Tloc      6%         2d4       71%         4
 Ice Form                 Ice/Tmut       4%         N/A       78%         4
 Summon Ice Beast         Ice/Summ       2%         N/A       85%         4
 Starburst                Conj/Fire      3%         6d3       100%        6


Dungeon Overview and Level Annotations

Branches:
Dungeon (5/15)
 Temple: D:4-7

Altars:
Fedhas
Hepliaklqana
Ru
Vehumet
Wu Jian

Shops:
D:1 [   D:4 ?


Innate Abilities, Weirdness & Mutations

You have a pair of small antennae on your head.
You are mostly covered in thin metallic scales. (AC +3)
You regenerate magic rapidly.


Message History

You hit the phantom but do no damage.
The phantom is almost destroyed.
The phantom hits you but does no damage.
You barely miss the phantom.
The phantom is almost destroyed.
The phantom hits you but does no damage.
You hit the phantom but do no damage.
You punch the phantom, but do no damage.
The phantom is almost destroyed.
The phantom barely misses you.
You closely miss the phantom.
The phantom is almost destroyed.
The phantom hits you but does no damage.
You hit the phantom.
You destroy the phantom!
Vehumet accepts your kill.
Your Armour skill increases to level 2!
Your Spellcasting skill increases to level 3!
You have reached level 6!
Your demonic ancestry asserts itself...
A pair of antennae grows on your head!
(D) Dungeon
Where to? (Enter - D:4 @ (x,y), ? - help)
What level of the Dungeon? (default 1, ? - help)
There is a stone staircase leading up here.
You climb upwards.
There is a stone staircase leading down here.
There is a stone staircase leading up here.
You climb upwards.
There is a stone staircase leading down here.
There is a stone staircase leading up here.
You climb upwards.
There is a stone staircase leading down here.
There is a stone staircase leading up here.
You climb upwards.
There is a stone staircase leading down here.
There is an open door here.
There is a staircase leading out of the dungeon here.
Are you sure you want to leave the Dungeon?
This will make you lose the game!
You have escaped!

..# #PP.PP.PP.PP.PP.PP#.######
..# #PP.P.PP.P.PP.P.PP#.#...).
..# #PP.P.P.PPP.P.P.PP#.#.####
..######PP.P.PP.P.PP.P.PP#.....#
......##PP.PP.PP.PP.PP.PP###.#.##
.>##.###PPP.PP.PPP.PP.PPP# #.#...
........PPP.PPP...PPP.PPP# #.####
..#...#.PPPP..PPPPP..PPPP# #.#
......#.PPPPPP..@..PPPPPP# #.#


..#...#.PPPPPPPPPPPPPPPPP# #.# ..#...#.####################.#
#.#......#...................# #.#####..#.################### #.########.#######
#................### ##########.#######.## #.............##...# There were no
monsters in sight!

Vanquished Creatures
  A centaur (D:4)
  A phantom (D:5)
  A hound (D:5)
  An iguana (D:4)
  An orc wizard (D:3)
  2 adders (D:4)
  An ufetubus (D:4)
  A worm (D:3)
  2 dart slugs
  3 orcs (D:3)
  5 ball pythons
  2 endoplasms
  3 giant cockroaches
  11 goblins
  7 hobgoblins
  6 jackals
  3 quokkas
  5 bats
  6 frilled lizards
  4 kobolds
  5 rats
71 creatures vanquished.

Notes
Turn   | Place    | Note
-------+----------+-------------------------------------------
     0 | D:1      | protoss039 the Demonspawn Earth Elementalist began the
                  | quest for the Orb.
     0 | D:1      | Reached XP level 1. HP: 13/13 MP: 3/3
    76 | D:1      | Found Ocebipittiw's Antique Armour Shoppe.
   126 | D:1      | Reached skill level 1 in Transmutations
   174 | D:1      | Found a faded altar of an unknown god.
   192 | D:1      | Gained mutation: You regenerate magic rapidly. [demonic
                  | ancestry]
   192 | D:1      | Reached XP level 2. HP: 6/20 MP: 1/5
   419 | D:1      | Reached skill level 1 in Fighting
  1312 | D:1      | Gained mutation: You are partially covered in thin metallic
                  | scales. (AC +2) [demonic ancestry]
  1312 | D:1      | Reached XP level 3. HP: 26/26 MP: 6/6
  1479 | D:1      | Learned a level 2 spell: Passwall
  1483 | D:1      | Learned a level 3 spell: Stone Arrow
  1512 | D:2      | Found a radiant altar of Vehumet.
  1574 | D:2      | Became a worshipper of Vehumet
  1585 | D:2      | Found a hazy altar of Hepliaklqana.
  2330 | D:2      | Reached skill level 1 in Armour
  2539 | D:3      | Found a blossoming altar of Fedhas.
  2603 | D:3      | Reached * piety under Vehumet
  2603 | D:3      | Offered knowledge of Magic Dart by Vehumet.
  2604 | D:3      | Reached XP level 4. HP: 33/33 MP: 0/7
  2833 | D:3      | Reached skill level 1 in Conjurations
  3062 | D:3      | Found an ornate altar of the Wu Jian Council.
  3150 | D:4      | Noticed a centaur
  3158 | D:4      | Killed a centaur
  3159 | D:4      | Gained mutation: You are mostly covered in thin metallic
                  | scales. (AC +3) [demonic ancestry]
  3159 | D:4      | Reached XP level 5. HP: 5/40 MP: 4/8
  3598 | D:4      | Found a sacrificial altar of Ru.
  3634 | D:4      | Found a radiant altar of Vehumet.
  4292 | D:4      | Found Domary's Magic Scroll Boutique.
  4300 | D:4      | Bought a scroll of magic mapping for 35 gold pieces
  4300 | D:4      | Bought a scroll of amnesia for 35 gold pieces
  4300 | D:4      | Bought a scroll of noise for 10 gold pieces
  4300 | D:4      | Bought a scroll of teleportation for 30 gold pieces
  4529 | D:5      | Entered Level 5 of the Dungeon
  4534 | D:5      | Noticed a troll
  4997 | D:5      | Noticed a phantom
  5032 | D:5      | Killed a phantom
  5033 | D:5      | Gained mutation: You have a pair of small antennae on your
                  | head. [demonic ancestry]
  5033 | D:5      | Reached XP level 6. HP: 25/47 MP: 10/10
  5126 | D:$      | Got out of the dungeon alive.

Illustrated notes

Levels and vault maps discovered:
D:1:      roderic_crop_circles_arrival_small, layout_basic,
          hellmonk_ecumenical_altar_run_dry, serial_shops, nicolae_square_shop,
          nrook_loot_triangle, hangedman_decor_points
D:2:      layout_loops_corners, basic_altar, moated_statue, minmay_hexomino_r4
D:3:      layout_basic, mainiacjoe_overflow_tiny_flanked,
          pdpol_wu_jian_five_deadly_venoms
D:4:      layout_cave_pods, mainiacjoe_overflow_catch_the_wave, serial_shops,
          shop, minmay_ruptured
D:5:      layout_basic, nicolae_overflow_quartered_altars

Skill      XL: |  1  2  3  4  5 |
---------------+----------------+-----
Transmutations | 1 |  1.0
Fighting       | 1 2 3 |  3.5
Earth Magic    | 3 |  3.6
Armour         | 1 2 |  2.0
Conjurations   | 1 2 |  2.2
Spellcasting   | 3 |  3.0
Dodging        | |  1.7
Stealth        | |  1.7

Action                   |  1- 3 |  4- 6 || total
-------------------------+-------+-------++-------
Melee: Club              |    44 |       ||    44
       Punch             |     1 |     2 ||     3
       Unarmed           |     1 |       ||     1
       Dagger            |   121 |    85 ||   206
 Cast: Sandblast         |    21 |    36 ||    57
       Stone Arrow       |     1 |     7 ||     8
  Use: Scroll            |     2 |     3 ||     5
 Stab: Sleeping          |     8 |       ||     8
Armor: Robe              |    70 |    36 ||   106
Dodge: Dodged            |   122 |    65 ||   187
